Gangsters vs Mustangs
Created - January 24, 2018 at 23:29
Goals
|
| Gangsters |
1 |
1 |
3 |
5 |
| Mustangs |
2 |
4 |
1 |
7 |
|
Shots
|
| Gangsters |
4 |
19 |
14 |
37 |
| Mustangs |
13 |
21 |
5 |
39 |
|
1st period
1. Gangsters , Chris Bourque 35 (Maxime Sauvé 34) at 9:52
2. Mustangs , Marcus Foligno 18 (Josh Jooris 36, Cameron Gaunce 23) at 11:45
3. Mustangs , Josh Jooris 34 (Mika Zibanejad 31, Brady Skjei 26) at 14:29
Penalties :
Magnus Paajarvi-Svensson (Bro) for Hooking (Minor) at 2:00, Chris Bourque (Bro) for Interference (Minor) at 12:10
2nd period
4. Gangsters , Richard Panik 17 (Maxime Sauvé 35, Chris Bourque 29) at 1:05 (PP)
5. Mustangs , Tomas Tatar 17 (Andrew Shaw 16, Scott Mayfield 7) at 3:58
6. Mustangs , Mika Zibanejad 12 (Derek Joslin 19, Marcus Foligno 31) at 7:52 (PP)
7. Mustangs , Jerome Samson 8 (Rick Schofield 11, Denis Bodrov 8) at 18:02
8. Mustangs , Marcus Foligno 19 (Brady Skjei 27, Josh Jooris 37) at 18:10
Penalties :
Brady Skjei (Ham) for High sticking (Minor) at 0:21, Jonas Brodin (Bro) for Holding (Minor) at 7:36, Morgan Ellis (Bro) for Holding (Minor) at 13:13
3rd period
9. Gangsters , Stefan Noesen 9 (Dave Dziurzynski 7) at 7:07
10. Gangsters , Maxime Sauvé 11 (Chris Bourque 30, Brendan Woods 12) at 8:18
11. Mustangs , Josh Jooris 35 (Marcus Foligno 32, Mika Zibanejad 32) at 9:13 (PP)
12. Gangsters , Dave Dziurzynski 8 (Ryan Culkin 1) at 17:28
Penalties :
Chris Bourque (Bro) for Hooking (Minor) at 1:45, Devante Smith-Pelly (Bro) for Holding (Minor) at 8:58, Cameron Gaunce (Ham) for Holding (Minor) at 19:16
Goalie Stats
Dustin Tokarski (Bro), 32 saves from 39 shots - (0.821), L, 15-7-1, 60:00 minutes
Peter Mannino (Ham), 32 saves from 37 shots - (0.865), W, 15-11-3, 60:00 minutes
Players Stats for Gangsters
Player Name G A P +/- PIM S H SB GA TA FO MP PP MP PK MP
------------------------------------------------------------------------------------
Brendan Woods 0 1 1 -1 0 1 1 2 0 1 1/2 9:02 0:00 2:44
Chris Bourque 1 2 3 -1 4 8 4 0 1 1 7/8 24:17 0:45 2:27
Colten Teubert 0 0 0 -3 0 5 2 2 2 3 0/0 28:17 1:05 4:41
Dave Dziurzynski 1 1 2 1 0 3 3 0 1 0 0/0 13:25 0:00 0:00
Derrick Pouliot 0 0 0 2 0 0 0 0 0 0 0/0 11:39 0:00 0:57
Devante Smith-Pelly 0 0 0 -1 2 1 3 0 0 0 1/1 14:59 0:42 0:00
Jonas Brodin 0 0 0 0 2 1 2 1 0 0 0/0 20:18 0:22 3:33
Kevin Roy 0 0 0 1 0 0 1 0 0 0 3/7 13:55 0:00 0:22
Magnus Paajarvi-Svensson 0 0 0 -1 2 2 3 0 1 0 0/0 17:41 0:42 2:38
Maxime Sauvé 1 2 3 0 0 4 3 0 0 0 16/32 21:03 0:45 4:25
Morgan Ellis 0 0 0 0 2 1 1 2 0 0 0/0 20:03 0:22 2:49
Patrik Nemeth 0 0 0 -3 0 3 1 1 1 1 0/0 28:17 1:05 4:41
Phillip Danault 0 0 0 -1 0 0 0 0 0 0 0/0 2:27 0:00 0:43
Richard Panik 1 0 1 0 0 4 1 0 0 0 0/0 18:09 0:45 1:27
Ryan Culkin 0 1 1 2 0 0 2 0 0 0 0/0 11:24 0:00 0:13
Sebastian Collberg 0 0 0 0 0 0 0 1 0 0 0/1 5:58 0:00 0:00
Seth Griffith 0 0 0 -1 0 1 1 0 1 0 7/13 17:08 0:42 2:08
Stefan Noesen 1 0 1 1 0 3 0 0 0 0 0/0 13:25 0:00 0:00
Players Stats for Mustangs
Player Name G A P +/- PIM S H SB GA TA FO MP PP MP PK MP
------------------------------------------------------------------------------------
Andreas Athanasiou 0 0 0 -1 0 2 1 1 0 0 0/3 8:45 0:00 0:00
Andrew Shaw 0 1 1 1 0 1 2 1 0 2 0/1 15:43 2:50 0:00
Brady Skjei 0 2 2 0 2 4 0 1 2 0 0/0 27:25 5:32 0:00
Cameron Gaunce 0 1 1 0 2 2 0 2 0 0 0/0 20:41 2:55 0:44
Curtis Hamilton 0 0 0 -1 0 0 0 0 0 0 0/0 8:45 0:00 0:00
Denis Bodrov 0 1 1 1 0 0 0 0 0 0 0/0 11:09 0:00 0:00
Derek Joslin 0 1 1 0 0 2 2 1 1 0 0/0 28:42 5:32 1:16
Francis Paré 0 0 0 -1 0 0 0 0 0 0 0/0 8:45 0:00 0:00
Jerome Samson 1 0 1 0 0 2 0 0 0 0 0/0 12:55 0:01 0:00
Jim O'Brien 0 0 0 1 0 0 0 0 0 2 6/12 17:15 2:51 1:12
Josh Jooris 2 2 4 1 0 9 1 0 0 1 0/1 21:10 5:36 0:00
Joshua Leivo 0 0 0 0 0 1 0 0 0 1 0/1 12:35 0:00 0:00
Marcus Foligno 2 2 4 1 0 6 3 0 0 0 1/2 22:22 5:36 1:12
Mark Pysyk 0 0 0 0 0 0 1 3 1 1 0/0 20:41 2:55 0:43
Mika Zibanejad 1 2 3 1 0 3 0 0 0 0 17/37 21:10 5:36 0:00
Rick Schofield 0 1 1 0 0 5 1 0 0 0 5/7 12:50 0:00 0:15
Scott Mayfield 0 1 1 1 0 0 3 0 0 0 0/0 11:20 0:00 0:11
Tomas Tatar 1 0 1 1 0 2 0 0 2 0 0/0 16:18 2:51 0:15
3 Stars
1 - Marcus Foligno (Ham)
2 - Josh Jooris (Ham)
3 - Mika Zibanejad (Ham)
Power Play
Gangsters - 1 on 2 Attempt(s) - 50.00%
Mustangs - 2 on 6 Attempt(s) - 33.33%
Penalty Kill
Gangsters - 4 on 6 Attempt(s) - 66.67%
- Score 0 goal in Penalty Kill
Mustangs - 1 on 2 Attempt(s) - 50.00%
- Score 0 goal in Penalty Kill
Team Stat
Gangsters - Hits : 28 - Faceoff Wins : 35 - Blocked Shots : 9 - Penalty Minutes : 12
Mustangs - Hits : 14 - Faceoff Wins : 29 - Blocked Shots : 9 - Penalty Minutes : 4
Official
Referees : McCreary Bill and Leggo Mike
Linesman : Lonnie Cameron and Jay Sharrers
Game Notes
No Game Note
Finance
Level 1 -- Attendance: 1392 (69.60%) -- Ticket Income $55,680
Level 2 -- Attendance: 718 (71.80%) -- Ticket Income $14,360
Total Attendance: 2110 (70.33%)
Total Ticket Income: $70,040
Other Income: $3,502
Total Income: $73,542
Gangsters
5 vs 5 Forward
Center Left Wing Right Wing Time % Phy DF OF
1 Maxime Sauvé Chris Bourque Richard Panik 40 1 2 2
2 Seth Griffith Magnus Paajarvi-Svensson Devante Smith-Pelly 30 1 2 2
3 Kevin Roy Dave Dziurzynski Stefan Noesen 20 1 2 2
4 Chris Bourque Brendan Woods Sebastian Collberg 10 1 2 2
5 vs 5 Defense
Defense Defense Time % Phy DF OF
1 Colten Teubert Patrik Nemeth 40 1 2 2
2 Morgan Ellis Jonas Brodin 30 1 2 2
3 Ryan Culkin Derrick Pouliot 20 1 2 2
4 Colten Teubert Patrik Nemeth 10 1 2 2
PowerPlay Forward
Center Left Wing Right Wing Time % Phy DF OF
1 Maxime Sauvé Chris Bourque Richard Panik 60 1 2 2
2 Seth Griffith Magnus Paajarvi-Svensson Devante Smith-Pelly 40 1 2 2
PowerPlay Defense
Defense Defense Time % Phy DF OF
1 Colten Teubert Patrik Nemeth 60 1 2 2
2 Morgan Ellis Jonas Brodin 40 1 2 2
Penalty Kill 4 Players Forward
Center Wing Time % Phy DF OF
1 Chris Bourque Maxime Sauvé 60 1 2 2
2 Richard Panik Magnus Paajarvi-Svensson 40 1 2 2
Penalty Kill 4 Players Defense
Defense Defense Time % Phy DF OF
1 Colten Teubert Patrik Nemeth 60 1 2 2
2 Morgan Ellis Jonas Brodin 40 1 2 2
Penalty Kill - 3 Players Forward
Forward Time % Phy DF OF
1 Chris Bourque 60 1 2 2
2 Maxime Sauvé 40 1 2 2
Penalty Kill - 3 Players Defense
Defense Defense Time % Phy DF OF
1 Colten Teubert Patrik Nemeth 60 1 2 2
2 Morgan Ellis Jonas Brodin 40 1 2 2
4 vs 4 Forward
Center Wing Time % Phy DF OF
1 Chris Bourque Maxime Sauvé 60 1 2 2
2 Richard Panik Magnus Paajarvi-Svensson 40 1 2 2
4 vs 4 Defense
Defense Defense Time % Phy DF OF
1 Colten Teubert Patrik Nemeth 60 1 2 2
2 Morgan Ellis Jonas Brodin 40 1 2 2
Last Minutes Offensive
Center Left Wing Right Wing Defense Defense
Maxime Sauvé Chris Bourque Richard Panik Colten Teubert Patrik Nemeth
Last Minutes Defensive
Center Left Wing Right Wing Defense Defense
Maxime Sauvé Chris Bourque Richard Panik Colten Teubert Patrik Nemeth
Goaltenders
Starting : Dustin Tokarski
Backup : Mike Condon
Extra Forwards
Normal : Phillip Danault, Dave Dziurzynski, Brendan Woods - PP : Phillip Danault, Dave Dziurzynski - PK : Brendan Woods
Extra Defensemen
Normal : Ryan Culkin, Derrick Pouliot, Morgan Ellis - PP : Ryan Culkin - PK : Derrick Pouliot, Morgan Ellis
Penalty Shots
Chris Bourque, Maxime Sauvé, Richard Panik, Magnus Paajarvi-Svensson, Dave Dziurzynski
Scratches
Bryan Young (Healthy), Brett Ponich (Healthy), Michael Sdao (Healthy), Austen Brassard (Healthy), Matt Delahey (Healthy)
Jordan Binnington (Healthy)
Mustangs
5 vs 5 Forward
Center Left Wing Right Wing Time % Phy DF OF
1 Mika Zibanejad Marcus Foligno Josh Jooris 40 1 2 2
2 Jim O'Brien Tomas Tatar Andrew Shaw 30 1 2 2
3 Rick Schofield Joshua Leivo Jerome Samson 20 1 2 2
4 Andreas Athanasiou Curtis Hamilton Francis Paré 10 1 2 2
5 vs 5 Defense
Defense Defense Time % Phy DF OF
1 Derek Joslin Brady Skjei 44 1 2 2
2 Cameron Gaunce Mark Pysyk 33 1 2 2
3 Denis Bodrov Scott Mayfield 23 1 2 2
4 Derek Joslin Brady Skjei 0 1 2 2
PowerPlay Forward
Center Left Wing Right Wing Time % Phy DF OF
1 Mika Zibanejad Marcus Foligno Josh Jooris 60 1 2 2
2 Jim O'Brien Tomas Tatar Andrew Shaw 40 1 2 2
PowerPlay Defense
Defense Defense Time % Phy DF OF
1 Derek Joslin Brady Skjei 60 1 2 2
2 Cameron Gaunce Mark Pysyk 40 1 2 2
Penalty Kill 4 Players Forward
Center Wing Time % Phy DF OF
1 Jim O'Brien Marcus Foligno 60 1 2 2
2 Rick Schofield Tomas Tatar 40 1 2 2
Penalty Kill 4 Players Defense
Defense Defense Time % Phy DF OF
1 Derek Joslin Brady Skjei 60 1 2 2
2 Cameron Gaunce Mark Pysyk 40 1 2 2
Penalty Kill - 3 Players Forward
Forward Time % Phy DF OF
1 Jim O'Brien 60 1 2 2
2 Rick Schofield 40 1 2 2
Penalty Kill - 3 Players Defense
Defense Defense Time % Phy DF OF
1 Derek Joslin Brady Skjei 60 1 2 2
2 Cameron Gaunce Mark Pysyk 40 1 2 2
4 vs 4 Forward
Center Wing Time % Phy DF OF
1 Mika Zibanejad Marcus Foligno 60 1 2 2
2 Jim O'Brien Tomas Tatar 40 1 2 2
4 vs 4 Defense
Defense Defense Time % Phy DF OF
1 Derek Joslin Brady Skjei 60 1 2 2
2 Cameron Gaunce Mark Pysyk 40 1 2 2
Last Minutes Offensive
Center Left Wing Right Wing Defense Defense
Mika Zibanejad Marcus Foligno Josh Jooris Derek Joslin Brady Skjei
Last Minutes Defensive
Center Left Wing Right Wing Defense Defense
Jim O'Brien Marcus Foligno Josh Jooris Derek Joslin Brady Skjei
Goaltenders
Starting : Peter Mannino
Backup : Chet Pickard
Extra Forwards
Normal : Mika Zibanejad, Andrew Shaw, Rick Schofield - PP : Mika Zibanejad, Jim O'Brien - PK : Marcus Foligno
Extra Defensemen
Normal : Brady Skjei, Mark Pysyk, Cameron Gaunce - PP : Brady Skjei - PK : Derek Joslin, Cameron Gaunce
Penalty Shots
Andreas Athanasiou, Mika Zibanejad, Andrew Shaw, Marcus Foligno, Josh Jooris
Scratches
Roman Horak (Healthy), Alexei Marchenko (Torn Left Knee Ligaments Injury), Dominik Uher (Healthy), Joe Finley (Healthy), Eric Knodel (Healthy)
Matthew Finn (Healthy), Nikita Alexeev (Suspend), Danny Biega (Healthy), Raphael Bussieres (Healthy), Sam Kurker (Healthy)
Max Gortz (Healthy), Riley Nash (Healthy), Justin Peters (Healthy), Joacim Eriksson (Healthy)
% Time on Ice - Gangsters
Lines # - Real PCT - Wanted PCT - Time Play
Normal Forward
1 - 33% - 40% - 16:21
2 - 29% - 30% - 14:22
3 - 27% - 20% - 13:25
4 - 12% - 10% - 5:58
Normal Defense
1 - 40% - 40% - 19:50
2 - 34% - 30% - 16:53
3 - 21% - 20% - 10:42
4 - 5% - 10% - 2:41
PP Forward
1 - 52% - 60% - 0:45
2 - 48% - 40% - 0:42
PP Defense
1 - 75% - 60% - 1:05
2 - 25% - 40% - 0:22
PK Forward
1 - 83% - 60% - 7:00
2 - 17% - 40% - 1:27
PK Defense
1 - 55% - 60% - 4:41
2 - 45% - 40% - 3:46
PK3 Forward
1 - 0% - 60%
2 - 0% - 40%
PK3 Defense
1 - 0% - 60%
2 - 0% - 40%
44 Forward
1 - 0% - 60%
2 - 0% - 40%
44 Defense
1 - 0% - 60%
2 - 0% - 40%
Last Minute Offensive - 0:00
Last Minute Defensive - 0:00
Total
Forward - 60:00
Defense - 60:00
|
% Time on Ice - Mustangs
Lines # - Real PCT - Wanted PCT - Time Play
Normal Forward
1 - 31% - 40% - 15:34
2 - 26% - 30% - 13:12
3 - 25% - 20% - 12:35
4 - 17% - 10% - 8:45
Normal Defense
1 - 44% - 44% - 21:54
2 - 34% - 33% - 17:03
3 - 22% - 23% - 11:09
4 - 0% - 0% - 0:00
PP Forward
1 - 66% - 60% - 5:36
2 - 34% - 40% - 2:51
PP Defense
1 - 65% - 60% - 5:32
2 - 35% - 40% - 2:55
PK Forward
1 - 83% - 60% - 1:12
2 - 17% - 40% - 0:15
PK Defense
1 - 51% - 60% - 0:44
2 - 49% - 40% - 0:43
PK3 Forward
1 - 0% - 60%
2 - 0% - 40%
PK3 Defense
1 - 0% - 60%
2 - 0% - 40%
44 Forward
1 - 0% - 60%
2 - 0% - 40%
44 Defense
1 - 0% - 60%
2 - 0% - 40%
Last Minute Offensive - 0:00
Last Minute Defensive - 0:00
Total
Forward - 60:00
Defense - 60:00
|
Play by Play
1st period
0:01 of 1st period - Maxime Sauvé wins face-off versus Mika Zibanejad in neutral zone.
1:24 of 1st period - Wrist shot by Andreas Athanasiou.
1:24 of 1st period - Stopped by Dustin Tokarski with a rebound.
1:26 of 1st period - Backhand shot by Derek Joslin.
1:26 of 1st period - Stopped by Dustin Tokarski without a rebound.
1:27 of 1st period - Maxime Sauvé wins face-off versus Josh Jooris in Gangsters zone.
2:00 of 1st period - Minor Penalty to Magnus Paajarvi-Svensson for Hooking.
2:01 of 1st period - Chris Bourque wins face-off versus Jim O'Brien in Gangsters zone.
4:00 of 1st period - Penalty to Magnus Paajarvi-Svensson is over, Magnus Paajarvi-Svensson is back on ice.
4:19 of 1st period - Snap shot by Stefan Noesen.
4:19 of 1st period - Shot Misses the Net.
4:31 of 1st period - Wrist shot by Francis Paré.
4:31 of 1st period - Shot Misses the Net.
4:57 of 1st period - Jim O'Brien is hit by Dave Dziurzynski and loses puck.
6:23 of 1st period - Marcus Foligno is hit by Richard Panik and loses puck.
6:34 of 1st period - Mark Pysyk is hit by Devante Smith-Pelly and loses puck.
6:50 of 1st period - Rick Schofield is hit by Dave Dziurzynski and loses puck.
7:07 of 1st period - Denis Bodrov is hit by Ryan Culkin and loses puck.
7:40 of 1st period - Snap shot by Richard Panik.
7:40 of 1st period - Shot Blocked by Derek Joslin.
7:42 of 1st period - Snap shot by Colten Teubert.
7:42 of 1st period - Stopped by Peter Mannino with a rebound.
8:45 of 1st period - Colten Teubert is hit by Marcus Foligno.
9:13 of 1st period - Snap shot by Andreas Athanasiou.
9:13 of 1st period - Stopped by Dustin Tokarski without a rebound.
9:14 of 1st period - Kevin Roy wins face-off versus Andreas Athanasiou in Gangsters zone.
9:21 of 1st period - Francis Paré is hit by Dave Dziurzynski and loses puck.
9:35 of 1st period - Slapshot by Derek Joslin.
9:35 of 1st period - Shot Blocked by Colten Teubert.
9:41 of 1st period - Cameron Gaunce is hit by Magnus Paajarvi-Svensson and loses puck.
9:48 of 1st period - Snap shot by Devante Smith-Pelly.
9:48 of 1st period - Deflect By Seth Griffith.
9:48 of 1st period - Shot Blocked by Mark Pysyk.
9:48 of 1st period - Puck is out of play.
9:49 of 1st period - Chris Bourque wins face-off versus Mika Zibanejad in Mustangs zone.
9:52 of 1st period - Slapshot by Maxime Sauvé.
9:52 of 1st period - Deflect By Chris Bourque.
9:52 of 1st period - Goal by Chris Bourque - Gangsters : 1 - Mustangs : 0.
9:53 of 1st period - Mika Zibanejad wins face-off versus Maxime Sauvé in neutral zone.
10:20 of 1st period - Andrew Shaw is hit by Magnus Paajarvi-Svensson and loses puck.
10:47 of 1st period - Snap shot by Rick Schofield.
10:47 of 1st period - Shot Misses the Net.
11:10 of 1st period - Off-side.
11:11 of 1st period - Chris Bourque wins face-off versus Jim O'Brien in neutral zone.
11:36 of 1st period - Devante Smith-Pelly is hit by Josh Jooris and loses puck.
11:45 of 1st period - Slapshot by Marcus Foligno.
11:45 of 1st period - Goal by Marcus Foligno - Gangsters : 1 - Mustangs : 1.
11:46 of 1st period - Mika Zibanejad wins face-off versus Maxime Sauvé in neutral zone.
11:50 of 1st period - Cameron Gaunce is hit by Patrik Nemeth.
11:58 of 1st period - Snap shot by Colten Teubert.
11:58 of 1st period - Shot Misses the Net.
12:10 of 1st period - Minor Penalty to Chris Bourque for Interference.
12:11 of 1st period - Mika Zibanejad wins face-off versus Brendan Woods in Gangsters zone.
12:42 of 1st period - Derek Joslin is hit by Maxime Sauvé and loses puck.
13:31 of 1st period - Wrist shot by Mika Zibanejad.
13:31 of 1st period - Stopped by Dustin Tokarski with a rebound.
13:33 of 1st period - Wrist shot by Josh Jooris.
13:33 of 1st period - Stopped by Dustin Tokarski with a rebound.
13:35 of 1st period - Snap shot by Josh Jooris.
13:35 of 1st period - Shot Misses the Net.
13:37 of 1st period - Snap shot by Marcus Foligno.
13:37 of 1st period - Shot Blocked by Morgan Ellis.
14:10 of 1st period - Penalty to Chris Bourque is over, Chris Bourque is back on ice.
14:17 of 1st period - Backhand shot by Josh Jooris.
14:17 of 1st period - Stopped by Dustin Tokarski with a rebound.
14:19 of 1st period - Snap shot by Marcus Foligno.
14:19 of 1st period - Shot Blocked by Brendan Woods.
14:21 of 1st period - Snap shot by Marcus Foligno.
14:21 of 1st period - Stopped by Dustin Tokarski with a rebound.
14:29 of 1st period - Wrist shot by Josh Jooris.
14:29 of 1st period - Goal by Josh Jooris - Gangsters : 1 - Mustangs : 2.
14:30 of 1st period - Jim O'Brien wins face-off versus Maxime Sauvé in neutral zone.
14:57 of 1st period - Slapshot by Rick Schofield.
14:57 of 1st period - Stopped by Dustin Tokarski without a rebound.
14:58 of 1st period - Kevin Roy wins face-off versus Joshua Leivo in Gangsters zone.
14:58 of 1st period - Kevin Roy is hit by Scott Mayfield.
15:29 of 1st period - Wrist shot by Andrew Shaw.
15:29 of 1st period - Stopped by Dustin Tokarski with a rebound.
15:45 of 1st period - Cameron Gaunce is hit by Morgan Ellis and loses puck.
15:56 of 1st period - Jonas Brodin is hit by Andreas Athanasiou and loses puck.
16:26 of 1st period - Snap shot by Richard Panik.
16:26 of 1st period - Stopped by Peter Mannino with a rebound.
16:28 of 1st period - Snap shot by Richard Panik.
16:28 of 1st period - Shot Blocked by Andreas Athanasiou.
16:30 of 1st period - Snap shot by Chris Bourque.
16:30 of 1st period - Stopped by Peter Mannino without a rebound.
16:31 of 1st period - Jim O'Brien wins face-off versus Seth Griffith in Mustangs zone.
16:42 of 1st period - Tomas Tatar is hit by Colten Teubert and loses puck.
17:33 of 1st period - Derrick Pouliot is hit by Scott Mayfield and loses puck.
18:07 of 1st period - Off-side.
18:08 of 1st period - Rick Schofield wins face-off versus Seth Griffith in neutral zone.
18:29 of 1st period - Colten Teubert is hit by Rick Schofield.
18:45 of 1st period - Slapshot by Rick Schofield.
18:45 of 1st period - Stopped by Dustin Tokarski without a rebound.
18:46 of 1st period - Mika Zibanejad wins face-off versus Maxime Sauvé in Gangsters zone.
19:27 of 1st period - Snap shot by Josh Jooris.
19:27 of 1st period - Stopped by Dustin Tokarski without a rebound.
19:28 of 1st period - Jim O'Brien wins face-off versus Maxime Sauvé in Gangsters zone.
19:35 of 1st period - Cameron Gaunce is hit by Maxime Sauvé and loses puck.
19:45 of 1st period - Off-side.
19:46 of 1st period - Seth Griffith wins face-off versus Rick Schofield in neutral zone.
Goals for this period are 1 for Gangsters vs 2 for Mustangs.
Shots for this period are 4 for Gangsters vs 13 for Mustangs.
2nd period
0:01 of 2nd period - Maxime Sauvé wins face-off versus Mika Zibanejad in neutral zone.
0:13 of 2nd period - Snap shot by Josh Jooris.
0:13 of 2nd period - Stopped by Dustin Tokarski with a rebound.
0:21 of 2nd period - Minor Penalty to Brady Skjei for High sticking.
0:22 of 2nd period - Maxime Sauvé wins face-off versus Jim O'Brien in Mustangs zone.
0:57 of 2nd period - Wrist shot by Colten Teubert.
0:57 of 2nd period - Stopped by Peter Mannino with a rebound.
0:59 of 2nd period - Slapshot by Colten Teubert.
0:59 of 2nd period - Deflect By Devante Smith-Pelly.
0:59 of 2nd period - Shot Misses the Net.
0:59 of 2nd period - Puck is out of play.
1:00 of 2nd period - Maxime Sauvé wins face-off versus Rick Schofield in Mustangs zone.
1:03 of 2nd period - Snap shot by Richard Panik.
1:03 of 2nd period - Deflect By Maxime Sauvé.
1:03 of 2nd period - Stopped by Peter Mannino with a rebound.
1:05 of 2nd period - Slapshot by Richard Panik.
1:05 of 2nd period - Goal by Richard Panik - Gangsters : 2 - Mustangs : 2.
1:06 of 2nd period - Maxime Sauvé wins face-off versus Mika Zibanejad in neutral zone.
1:45 of 2nd period - Snap shot by Chris Bourque.
1:45 of 2nd period - Stopped by Peter Mannino with a rebound.
1:47 of 2nd period - Snap shot by Richard Panik.
1:47 of 2nd period - Stopped by Peter Mannino with a rebound.
1:49 of 2nd period - Snap shot by Richard Panik.
1:49 of 2nd period - Shot Blocked by Cameron Gaunce.
1:51 of 2nd period - Slapshot by Maxime Sauvé.
1:51 of 2nd period - Stopped by Peter Mannino with a rebound.
1:53 of 2nd period - Snap shot by Richard Panik.
1:53 of 2nd period - Shot Blocked by Cameron Gaunce.
1:55 of 2nd period - Slapshot by Jonas Brodin.
1:55 of 2nd period - Shot Blocked by Mark Pysyk.
1:57 of 2nd period - Snap shot by Richard Panik.
1:57 of 2nd period - Deflect By Maxime Sauvé.
1:57 of 2nd period - Stopped by Peter Mannino with a rebound.
2:19 of 2nd period - Snap shot by Rick Schofield.
2:19 of 2nd period - Stopped by Dustin Tokarski without a rebound.
2:20 of 2nd period - Mika Zibanejad wins face-off versus Seth Griffith in Gangsters zone.
2:21 of 2nd period - Wrist shot by Marcus Foligno.
2:21 of 2nd period - Stopped by Dustin Tokarski with a rebound.
2:27 of 2nd period - Derek Joslin is hit by Devante Smith-Pelly and loses puck.
2:35 of 2nd period - Off-side.
2:36 of 2nd period - Jim O'Brien wins face-off versus Kevin Roy in neutral zone.
3:01 of 2nd period - Patrik Nemeth is hit by Marcus Foligno and loses puck.
3:22 of 2nd period - Snap shot by Dave Dziurzynski.
3:22 of 2nd period - Shot Misses the Net.
3:26 of 2nd period - Snap shot by Dave Dziurzynski.
3:26 of 2nd period - Shot Misses the Net.
3:28 of 2nd period - Slapshot by Patrik Nemeth.
3:28 of 2nd period - Stopped by Peter Mannino without a rebound.
3:29 of 2nd period - Seth Griffith wins face-off versus Mika Zibanejad in Mustangs zone.
3:44 of 2nd period - Slapshot by Magnus Paajarvi-Svensson.
3:44 of 2nd period - Shot Misses the Net.
3:58 of 2nd period - Wrist shot by Tomas Tatar.
3:58 of 2nd period - Goal by Tomas Tatar - Gangsters : 2 - Mustangs : 3.
3:59 of 2nd period - Mika Zibanejad wins face-off versus Maxime Sauvé in neutral zone.
4:04 of 2nd period - Wrist shot by Brady Skjei.
4:04 of 2nd period - Stopped by Dustin Tokarski without a rebound.
4:05 of 2nd period - Maxime Sauvé wins face-off versus Mika Zibanejad in Gangsters zone.
4:05 of 2nd period - Maxime Sauvé is hit by Derek Joslin.
4:19 of 2nd period - Snap shot by Richard Panik.
4:19 of 2nd period - Shot Misses the Net.
4:21 of 2nd period - Snap shot by Chris Bourque.
4:21 of 2nd period - Shot Misses the Net.
4:37 of 2nd period - Slapshot by Magnus Paajarvi-Svensson.
4:37 of 2nd period - Shot Misses the Net.
4:39 of 2nd period - Slapshot by Patrik Nemeth.
4:39 of 2nd period - Shot Misses the Net.
4:41 of 2nd period - Slapshot by Patrik Nemeth.
4:41 of 2nd period - Stopped by Peter Mannino without a rebound.
4:42 of 2nd period - Mika Zibanejad wins face-off versus Maxime Sauvé in Mustangs zone.
4:47 of 2nd period - Snap shot by Cameron Gaunce.
4:47 of 2nd period - Deflect By Jonas Brodin.
4:47 of 2nd period - Stopped by Dustin Tokarski with a rebound.
5:23 of 2nd period - Seth Griffith is hit by Mark Pysyk and loses puck.
5:39 of 2nd period - Denis Bodrov is hit by Kevin Roy and loses puck.
5:44 of 2nd period - Wrist shot by Dave Dziurzynski.
5:44 of 2nd period - Stopped by Peter Mannino with a rebound.
6:18 of 2nd period - Icing by Jonas Brodin.
6:19 of 2nd period - Mika Zibanejad wins face-off versus Maxime Sauvé in Gangsters zone.
6:24 of 2nd period - Wrist shot by Mika Zibanejad.
6:24 of 2nd period - Shot Misses the Net.
6:26 of 2nd period - Slapshot by Derek Joslin.
6:26 of 2nd period - Deflect By Mika Zibanejad.
6:26 of 2nd period - Shot Blocked by Jonas Brodin.
6:26 of 2nd period - Puck is out of play.
6:27 of 2nd period - Mika Zibanejad wins face-off versus Seth Griffith in Gangsters zone.
6:52 of 2nd period - Andrew Shaw is hit by Chris Bourque.
7:16 of 2nd period - Snap shot by Jerome Samson.
7:16 of 2nd period - Stopped by Dustin Tokarski without a rebound.
7:17 of 2nd period - Mika Zibanejad wins face-off versus Kevin Roy in Gangsters zone.
7:18 of 2nd period - Slapshot by Marcus Foligno.
7:18 of 2nd period - Stopped by Dustin Tokarski with a rebound.
7:36 of 2nd period - Minor Penalty to Jonas Brodin for Holding.
7:37 of 2nd period - Chris Bourque wins face-off versus Mika Zibanejad in Gangsters zone.
7:46 of 2nd period - Off-side.
7:47 of 2nd period - Mika Zibanejad wins face-off versus Chris Bourque in neutral zone.
7:50 of 2nd period - Backhand shot by Marcus Foligno.
7:50 of 2nd period - Stopped by Dustin Tokarski with a rebound.
7:52 of 2nd period - Slapshot by Derek Joslin.
7:52 of 2nd period - Deflect By Mika Zibanejad.
7:52 of 2nd period - Goal by Mika Zibanejad - Gangsters : 2 - Mustangs : 4.
7:53 of 2nd period - Mika Zibanejad wins face-off versus Maxime Sauvé in neutral zone.
8:24 of 2nd period - Slapshot by Tomas Tatar.
8:24 of 2nd period - Stopped by Dustin Tokarski with a rebound.
8:42 of 2nd period - Slapshot by Patrik Nemeth.
8:42 of 2nd period - Stopped by Peter Mannino with a rebound.
9:02 of 2nd period - Snap shot by Brendan Woods.
9:02 of 2nd period - Stopped by Peter Mannino with a rebound.
9:04 of 2nd period - Slapshot by Brendan Woods.
9:04 of 2nd period - Shot Misses the Net.
9:06 of 2nd period - Slapshot by Chris Bourque.
9:06 of 2nd period - Deflect By Francis Paré.
9:06 of 2nd period - Stopped by Peter Mannino without a rebound.
9:07 of 2nd period - Seth Griffith wins face-off versus Mika Zibanejad in Mustangs zone.
9:12 of 2nd period - Wrist shot by Devante Smith-Pelly.
9:12 of 2nd period - Shot Blocked by Brady Skjei.
9:14 of 2nd period - Snap shot by Seth Griffith.
9:14 of 2nd period - Stopped by Peter Mannino with a rebound.
9:16 of 2nd period - Slapshot by Jonas Brodin.
9:16 of 2nd period - Stopped by Peter Mannino with a rebound.
9:18 of 2nd period - Snap shot by Morgan Ellis.
9:18 of 2nd period - Stopped by Peter Mannino without a rebound.
9:19 of 2nd period - Maxime Sauvé wins face-off versus Mika Zibanejad in Mustangs zone.
9:20 of 2nd period - Snap shot by Chris Bourque.
9:20 of 2nd period - Stopped by Peter Mannino without a rebound.
9:21 of 2nd period - Mika Zibanejad wins face-off versus Maxime Sauvé in Mustangs zone.
10:09 of 2nd period - Slapshot by Rick Schofield.
10:09 of 2nd period - Shot Misses the Net.
11:05 of 2nd period - Snap shot by Magnus Paajarvi-Svensson.
11:05 of 2nd period - Shot Blocked by Andrew Shaw.
11:11 of 2nd period - Devante Smith-Pelly is hit by Derek Joslin and loses puck.
12:59 of 2nd period - Snap shot by Mika Zibanejad.
12:59 of 2nd period - Shot Blocked by Morgan Ellis.
13:01 of 2nd period - Slapshot by Brady Skjei.
13:01 of 2nd period - Shot Misses the Net.
13:03 of 2nd period - Slapshot by Derek Joslin.
13:03 of 2nd period - Stopped by Dustin Tokarski with a rebound.
13:05 of 2nd period - Snap shot by Josh Jooris.
13:05 of 2nd period - Stopped by Dustin Tokarski with a rebound.
13:07 of 2nd period - Slapshot by Brady Skjei.
13:07 of 2nd period - Stopped by Dustin Tokarski with a rebound.
13:13 of 2nd period - Minor Penalty to Morgan Ellis for Holding.
13:14 of 2nd period - Chris Bourque wins face-off versus Mika Zibanejad in Gangsters zone.
15:13 of 2nd period - Penalty to Morgan Ellis is over, Morgan Ellis is back on ice.
15:38 of 2nd period - Scott Mayfield is hit by Ryan Culkin and loses puck.
16:29 of 2nd period - Cameron Gaunce is hit by Chris Bourque and loses puck.
16:42 of 2nd period - Icing by Cameron Gaunce.
16:43 of 2nd period - Rick Schofield wins face-off versus Seth Griffith in Mustangs zone.
16:58 of 2nd period - Snap shot by Rick Schofield.
16:58 of 2nd period - Stopped by Dustin Tokarski with a rebound.
17:02 of 2nd period - Slapshot by Brady Skjei.
17:02 of 2nd period - Stopped by Dustin Tokarski with a rebound.
17:10 of 2nd period - Snap shot by Joshua Leivo.
17:10 of 2nd period - Stopped by Dustin Tokarski with a rebound.
17:18 of 2nd period - Backhand shot by Rick Schofield.
17:18 of 2nd period - Stopped by Dustin Tokarski with a rebound.
18:02 of 2nd period - Snap shot by Jerome Samson.
18:02 of 2nd period - Goal by Jerome Samson - Gangsters : 2 - Mustangs : 5.
18:03 of 2nd period - Mika Zibanejad wins face-off versus Maxime Sauvé in neutral zone.
18:06 of 2nd period - Wrist shot by Josh Jooris.
18:06 of 2nd period - Stopped by Dustin Tokarski with a rebound.
18:08 of 2nd period - Slapshot by Brady Skjei.
18:08 of 2nd period - Shot Blocked by Patrik Nemeth.
18:10 of 2nd period - Slapshot by Brady Skjei.
18:10 of 2nd period - Deflect By Marcus Foligno.
18:10 of 2nd period - Goal by Marcus Foligno - Gangsters : 2 - Mustangs : 6.
18:11 of 2nd period - Maxime Sauvé wins face-off versus Mika Zibanejad in neutral zone.
19:04 of 2nd period - Snap shot by Dave Dziurzynski.
19:04 of 2nd period - Shot Blocked by Mark Pysyk.
19:06 of 2nd period - Slapshot by Colten Teubert.
19:06 of 2nd period - Stopped by Peter Mannino with a rebound.
19:16 of 2nd period - Mark Pysyk is hit by Chris Bourque and loses puck.
19:33 of 2nd period - Andreas Athanasiou is hit by Brendan Woods and loses puck.
19:47 of 2nd period - Off-side.
19:48 of 2nd period - Seth Griffith wins face-off versus Mika Zibanejad in neutral zone.
19:55 of 2nd period - Snap shot by Devante Smith-Pelly.
19:55 of 2nd period - Stopped by Peter Mannino without a rebound.
19:56 of 2nd period - Maxime Sauvé wins face-off versus Mika Zibanejad in Mustangs zone.
Goals for this period are 1 for Gangsters vs 4 for Mustangs.
Shots for this period are 19 for Gangsters vs 21 for Mustangs.
3rd period
0:01 of 3rd period - Marcus Foligno wins face-off versus Maxime Sauvé in neutral zone.
0:06 of 3rd period - Wrist shot by Mika Zibanejad.
0:06 of 3rd period - Shot Misses the Net.
0:46 of 3rd period - Slapshot by Colten Teubert.
0:46 of 3rd period - Stopped by Peter Mannino without a rebound.
0:47 of 3rd period - Rick Schofield wins face-off versus Kevin Roy in Mustangs zone.
0:59 of 3rd period - Off-side.
1:00 of 3rd period - Mika Zibanejad wins face-off versus Maxime Sauvé in neutral zone.
1:13 of 3rd period - Snap shot by Richard Panik.
1:13 of 3rd period - Stopped by Peter Mannino without a rebound.
1:14 of 3rd period - Jim O'Brien wins face-off versus Maxime Sauvé in Mustangs zone.
1:14 of 3rd period - Jim O'Brien is hit by Chris Bourque.
1:21 of 3rd period - Off-side.
1:22 of 3rd period - Maxime Sauvé wins face-off versus Jim O'Brien in neutral zone.
1:45 of 3rd period - Minor Penalty to Chris Bourque for Hooking.
1:46 of 3rd period - Brendan Woods wins face-off versus Mika Zibanejad in Gangsters zone.
1:54 of 3rd period - Wrist shot by Mika Zibanejad.
1:54 of 3rd period - Shot Misses the Net.
1:56 of 3rd period - Wrist shot by Brady Skjei.
1:56 of 3rd period - Deflect By Maxime Sauvé.
1:56 of 3rd period - Stopped by Dustin Tokarski with a rebound.
1:58 of 3rd period - Snap shot by Marcus Foligno.
1:58 of 3rd period - Shot Misses the Net.
2:12 of 3rd period - Maxime Sauvé is hit by Andrew Shaw and loses puck.
3:05 of 3rd period - Jim O'Brien is hit by Jonas Brodin and loses puck.
3:45 of 3rd period - Penalty to Chris Bourque is over, Chris Bourque is back on ice.
3:52 of 3rd period - Wrist shot by Chris Bourque.
3:52 of 3rd period - Deflect By Kevin Roy.
3:52 of 3rd period - Deflect By Joshua Leivo.
3:52 of 3rd period - Shot Misses the Net.
3:52 of 3rd period - Puck is out of play.
3:53 of 3rd period - Rick Schofield wins face-off versus Sebastian Collberg in Mustangs zone.
4:06 of 3rd period - Slapshot by Jerome Samson.
4:06 of 3rd period - Shot Misses the Net.
4:08 of 3rd period - Snap shot by Jerome Samson.
4:08 of 3rd period - Shot Blocked by Brendan Woods.
4:17 of 3rd period - Off-side.
4:18 of 3rd period - Kevin Roy wins face-off versus Andreas Athanasiou in neutral zone.
4:43 of 3rd period - Snap shot by Magnus Paajarvi-Svensson.
4:43 of 3rd period - Stopped by Peter Mannino without a rebound.
4:44 of 3rd period - Seth Griffith wins face-off versus Mika Zibanejad in Mustangs zone.
5:57 of 3rd period - Colten Teubert is hit by Marcus Foligno and loses puck.
6:55 of 3rd period - Snap shot by Dave Dziurzynski.
6:55 of 3rd period - Stopped by Peter Mannino without a rebound.
6:56 of 3rd period - Rick Schofield wins face-off versus Kevin Roy in Mustangs zone.
7:07 of 3rd period - Slapshot by Stefan Noesen.
7:07 of 3rd period - Goal by Stefan Noesen - Gangsters : 3 - Mustangs : 6.
7:08 of 3rd period - Maxime Sauvé wins face-off versus Mika Zibanejad in neutral zone.
8:18 of 3rd period - Snap shot by Maxime Sauvé.
8:18 of 3rd period - Goal by Maxime Sauvé - Gangsters : 4 - Mustangs : 6.
8:19 of 3rd period - Maxime Sauvé wins face-off versus Mika Zibanejad in neutral zone.
8:32 of 3rd period - Snap shot by Richard Panik.
8:32 of 3rd period - Shot Misses the Net.
8:34 of 3rd period - Slapshot by Jonas Brodin.
8:34 of 3rd period - Deflect By Chris Bourque.
8:34 of 3rd period - Stopped by Peter Mannino with a rebound.
8:44 of 3rd period - Tomas Tatar is hit by Jonas Brodin and loses puck.
8:58 of 3rd period - Minor Penalty to Devante Smith-Pelly for Holding.
8:59 of 3rd period - Chris Bourque wins face-off versus Mika Zibanejad in Gangsters zone.
9:13 of 3rd period - Slapshot by Josh Jooris.
9:13 of 3rd period - Goal by Josh Jooris - Gangsters : 4 - Mustangs : 7.
9:14 of 3rd period - Mika Zibanejad wins face-off versus Maxime Sauvé in neutral zone.
9:16 of 3rd period - Brady Skjei is hit by Colten Teubert and loses puck.
9:41 of 3rd period - Jim O'Brien is hit by Magnus Paajarvi-Svensson and loses puck.
10:08 of 3rd period - Snap shot by Colten Teubert.
10:08 of 3rd period - Stopped by Peter Mannino with a rebound.
10:10 of 3rd period - Slapshot by Stefan Noesen.
10:10 of 3rd period - Stopped by Peter Mannino with a rebound.
10:12 of 3rd period - Slapshot by Colten Teubert.
10:12 of 3rd period - Shot Misses the Net.
10:34 of 3rd period - Wrist shot by Cameron Gaunce.
10:34 of 3rd period - Shot Blocked by Sebastian Collberg.
10:50 of 3rd period - Snap shot by Chris Bourque.
10:50 of 3rd period - Deflect By Andrew Shaw.
10:50 of 3rd period - Stopped by Peter Mannino without a rebound.
10:51 of 3rd period - Jim O'Brien wins face-off versus Seth Griffith in Mustangs zone.
10:51 of 3rd period - Jim O'Brien is hit by Devante Smith-Pelly.
10:57 of 3rd period - Andrew Shaw is hit by Seth Griffith.
11:17 of 3rd period - Jonas Brodin is hit by Andrew Shaw and loses puck.
12:03 of 3rd period - Icing by Jonas Brodin.
12:04 of 3rd period - Seth Griffith wins face-off versus Marcus Foligno in Gangsters zone.
12:21 of 3rd period - Snap shot by Magnus Paajarvi-Svensson.
12:21 of 3rd period - Stopped by Peter Mannino with a rebound.
13:02 of 3rd period - Backhand shot by Stefan Noesen.
13:02 of 3rd period - Stopped by Peter Mannino without a rebound.
13:03 of 3rd period - Chris Bourque wins face-off versus Mika Zibanejad in Mustangs zone.
14:42 of 3rd period - Off-side.
14:43 of 3rd period - Maxime Sauvé wins face-off versus Andreas Athanasiou in neutral zone.
15:34 of 3rd period - Seth Griffith is hit by Scott Mayfield and loses puck.
15:49 of 3rd period - Wrist shot by Richard Panik.
15:49 of 3rd period - Shot Misses the Net.
16:54 of 3rd period - Icing by Brady Skjei.
16:55 of 3rd period - Seth Griffith wins face-off versus Jim O'Brien in Mustangs zone.
17:28 of 3rd period - Snap shot by Dave Dziurzynski.
17:28 of 3rd period - Goal by Dave Dziurzynski - Gangsters : 5 - Mustangs : 7.
17:29 of 3rd period - Maxime Sauvé wins face-off versus Mika Zibanejad in neutral zone.
17:38 of 3rd period - Wrist shot by Josh Jooris.
17:38 of 3rd period - Shot Blocked by Colten Teubert.
17:40 of 3rd period - Snap shot by Mika Zibanejad.
17:40 of 3rd period - Stopped by Dustin Tokarski with a rebound.
17:42 of 3rd period - Slapshot by Cameron Gaunce.
17:42 of 3rd period - Deflect By Richard Panik.
17:42 of 3rd period - Stopped by Dustin Tokarski without a rebound.
17:43 of 3rd period - Mika Zibanejad wins face-off versus Maxime Sauvé in Gangsters zone.
17:44 of 3rd period - Snap shot by Josh Jooris.
17:44 of 3rd period - Stopped by Dustin Tokarski with a rebound.
17:50 of 3rd period - Marcus Foligno is hit by Maxime Sauvé and loses puck.
17:57 of 3rd period - Snap shot by Chris Bourque.
17:57 of 3rd period - Stopped by Peter Mannino without a rebound.
17:58 of 3rd period - Maxime Sauvé wins face-off versus Andrew Shaw in Mustangs zone.
18:25 of 3rd period - Slapshot by Devante Smith-Pelly.
18:25 of 3rd period - Shot Misses the Net.
19:16 of 3rd period - Minor Penalty to Cameron Gaunce for Holding.
19:17 of 3rd period - Devante Smith-Pelly wins face-off versus Jim O'Brien in Mustangs zone.
19:31 of 3rd period - Slapshot by Magnus Paajarvi-Svensson.
19:31 of 3rd period - Shot Misses the Net.
Goals for this period are 3 for Gangsters vs 1 for Mustangs.
Shots for this period are 14 for Gangsters vs 5 for Mustangs.
Back to the Top